Cogmind - Beta 15 @@@ ROGUE MODE // 2025.10.09 @ 22:42:24 Player: thrax Result: Destroyed by H-61 Shepherd with Heavy Assault Cannon Performance ------------- Evolutions (2) 1000 Regions Visited (4) 800 Robots Destroyed (100) 500 Value Destroyed (2720) 2720 Prototype IDs (2) 40 Alien Tech Used (0) 0 Bonus (-72) -72 TOTAL SCORE: 4988 Bonus ------- High Alert Combat Kills 194 Friendly Fire -266 Cogmind --------- Core Integrity 0/550 Matter 286/300 Energy 100/100 System Corruption 0% Temperature Cool (0) Movement Core (150) Ox2 Location -8/Materials Parts ------- > --- POWER (1) -------- (None) > --- PROPULSION (3) --- (None) > --- UTILITY (5) ------ Small Storage Unit Target Analyzer Target Analyzer Target Analyzer > --- WEAPON (2) ------- Heavy Flail > --- INVENTORY (8) ---- Terrain Scan Processor ECM Suite Shotgun Flak Cannon Peak State ------------ > --- POWER ------------ Improved Ion Engine > --- PROPULSION ------- Aluminum Leg Carbon-fiber Leg Carbon-fiber Leg > --- UTILITY ---------- Small Storage Unit Target Analyzer Target Analyzer Target Analyzer Shield Generator > --- WEAPON ----------- Katana Katana > --- INVENTORY -------- Improved Ion Engine Aluminum Leg Small Storage Unit ECM Suite Shotgun Flak Cannon Heavy Flail [Rating: 28] Favorites ----------- Power Light Ion Engine Engine Light Ion Engine Power Core Light Nuclear Core Propulsion Aluminum Leg Leg Aluminum Leg Utility Small Storage Unit Device Shield Generator Storage Small Storage Unit Processor Target Analyzer Protection Light Armor Plating Weapon Katana Energy Gun Medium Laser Energy Cannon Advanced Beam Cannon Ballistic Gun Light Assault Rifle Ballistic Cannon Flak Cannon Launcher Grenade Launcher Impact Weapon Heavy Flail Slashing Weapon Katana Build | -11 -10 -10 -9 -8 ------- Run | Yrd Mat Min Mat Mat Slots Evolved 4 | . . . 2 2 Power . | . . . . . Propulsion 1 | . . . 1 . Utility 3 | . . . 1 2 Weapon . | . . . . . Parts Attached 80 | 6 11 6 40 17 Power 13 | 1 1 1 8 2 Engine 12 | 1 1 1 8 1 Core 1 | . . . . 1 Reactor . | . . . . . Propulsion 32 | 2 4 3 16 7 Treads . | . . . . . Leg 32 | 2 4 3 16 7 Wheel . | . . . . . Hover . | . . . . . Flight . | . . . . . Utility 16 | 1 1 . 9 5 Device 2 | . . . 1 1 Storage 3 | 1 . . 1 1 Processor 4 | . 1 . 1 2 Hackware . | . . . . . Protection 7 | . . . 6 1 Artifact . | . . . . . Weapon 19 | 2 5 2 7 3 Energy Gun 4 | 1 2 1 . . Energy Cannon 1 | . . . 1 . Ballistic Gun 3 | 1 1 . . 1 Ballistic Cannon 2 | . . . 1 1 Launcher 4 | . 2 1 1 . Special Weapon . | . . . . . Impact Weapon 1 | . . . . 1 Slashing Weapon 4 | . . . 4 . Piercing Weapon . | . . . . . Special Melee Weapon . | . . . . . Unidentified Prototypes 1 | . . . 1 . Parts Lost 22 | . . 5 5 12 Power 4 | . . 2 1 1 Propulsion 8 | . . 1 1 6 Utility 5 | . . . 2 3 Weapon 5 | . . 2 1 2 Highest Loss Streak 6 | . . 2 1 6 To Critical Strikes . | . . . . . Average Backups 6 | 1 6 5 7 5 Power . | . . . . 1 Propulsion . | . 1 1 . . Utility 2 | . 2 3 2 2 Weapon 3 | . 2 1 4 1 Tool/Special . | . . . . . Unused Backups 12 | . 5 2 2 3 Power . | . . . . . Propulsion 2 | . 1 1 . . Utility 6 | . 3 . 1 2 Weapon 4 | . 1 1 1 1 Tool/Special . | . . . . . Average Slot Usage (%) 94 | . 98 86 96 89 Engine 11 | . 13 12 10 5 Leg 29 | . 28 25 31 23 Storage 11 | . 14 14 11 9 Processor 13 | . 13 14 11 25 Protection 4 | . . . 9 2 Energy Gun 3 | . 10 . . . Ballistic Gun 1 | . 4 6 . . Launcher 7 | . 12 12 4 . Slashing Weapon 8 | . . . 15 6 Peak Build Rating 28 | 6 12 12 20 28 Average Rating 14 | 4 8 10 16 24 On Entrance 8 | . 6 12 7 18 Naked Turns . | . . . . . Heaviest Build 28 | 11 13 13 19 28 Greatest Support 43 | 20 26 26 39 43 Greatest Overweight (x) 5 | 1 . . 5 5 Average Overweight (x) . | . . . . . Largest Inventory Capacity 8 | 8 8 8 8 8 Average Capacity 7 | 7 8 8 8 8 Most Carried 8 | 2 8 8 8 8 Average Carried 6 | 1 6 5 7 5 Final Capacity 8 | 8 8 8 8 8 Final Carried 8 | 2 8 8 8 4 Class Distribution -------------------- 72% | Mutant 27% | Scavenger-Mutant Dominant Class ---------------- Mutant | -10/Materials Mutant | -10/Mines Scavenger-Mutant | -9/Materials Mutant | -8/Materials Resources | -11 -10 -10 -9 -8 ----------- Run | Yrd Mat Min Mat Mat Matter Collected 1518 | 260 168 134 736 220 Remotely . | . . . . . Salvage Created 3149 | . 362 94 1821 872 Parts 184 | . 35 11 116 22 Haulers Intercepted 2 | . 1 . 1 . Recyclers Shooed 2 | . . . 1 1 Parts Field Recycled . | . . . . . Retrieved Matter . | . . . . . Parts Self-Destructed . | . . . . . Prevented . | . . . . . Kills | -11 -10 -10 -9 -8 ------- Run | Yrd Mat Min Mat Mat Combat Hostiles Destroyed 69 | . 10 7 36 16 Melee 41 | . . . 30 11 Guns 3 | . 3 . . . Cannons 2 | . . . . 2 AOE 20 | . 7 7 6 . Classes Destroyed 13 | . 7 1 2 3 Worker 6 | . 1 . 4 1 Builder 6 | . 3 1 2 . Tunneler 1 | . . 1 . . Hauler 2 | . 1 . 1 . Recycler 4 | . 1 . 3 . Mechanic 1 | . . . . 1 Operator 1 | . . . 1 . Watcher 9 | . 3 . 3 3 Swarmer 17 | . 6 3 6 2 Grunt 40 | . 4 4 21 11 Sentry 10 | . . . 9 1 Specialist 1 | . . . . 1 Hunter 1 | . . . . 1 Thug 1 | . . 1 . . Best Kill Streak 9 | . 9 5 9 5 Combat Bots Only 6 | . 3 4 6 4 Max Kills in Single Turn 4 | . 4 2 3 1 Gunslinging . | . . . . . Exploded 3 | . 3 2 3 . Melee 1 | . . . 1 1 Uniques/NPCs Destroyed . | . . . . . Combat | -11 -10 -10 -9 -8 -------- Run | Yrd Mat Min Mat Mat Hostile Shots Fired 534 | . 26 76 195 237 Missed 170 | . 12 30 58 70 Hits 364 | . 14 46 137 167 Projectile 364 | . 14 46 137 167 Critical Strikes 7 | . 1 3 2 1 Damage Taken 4810 | . 244 760 1735 2071 Core 1161 | . 62 174 352 573 Absorbed by Shields 140 | . . . . 140 Redirected to Shielding 43 | . . . 43 . Regen/Repaired (Parts) 57 | . 13 . 44 . Core Remaining (%) 39 | 100 . 5 12 . Volleys Fired 72 | . 22 29 4 17 Largest 2 | . 2 2 1 1 Hottest 80 | . 80 53 30 37 Shots Fired 100 | . 32 47 4 17 Gun 50 | . 20 26 . 4 Cannon 13 | . . . . 13 Launcher 37 | . 12 21 4 . Special . | . . . . . Kinetic 45 | . 2 26 . 17 Thermal 18 | . 18 . . . Explosive 37 | . 12 21 4 . Electromagnetic . | . . . . . Robot Hit Streak 5 | . 5 2 . 5 Robot Miss Streak 7 | . 2 3 . 7 Penetration Max . | . . . . . Secondary Targets . | . . . . . Shots Hit Robots 166 | . 17 8 94 47 Core Hits 122 | . 26 21 51 24 Critical Kills . | . . . . . Critical Parts Destroyed 6 | . . . . 6 Critical Strikes 26 | . . . 14 12 Smash 6 | . . . . 6 Sever 20 | . . . 14 6 Melee Attacks 189 | . . . 122 67 Impact 43 | . . . . 43 Slashing 146 | . . . 122 24 Piercing . | . . . . . Sneak Attacks 18 | . . . 15 3 Combat Hostiles . | . . . . . Follow-up Attacks 11 | . . . 5 6 Damage Inflicted 7671 | . 1126 924 3825 1796 Guns 234 | . 142 36 . 56 Cannons 145 | . . . . 145 Explosions 2207 | . 968 887 352 . Melee 5056 | . . . 3461 1595 Ramming 29 | . 16 1 12 . Kinetic 250 | . 13 36 . 201 Thermal 129 | . 129 . . . Explosive 2207 | . 968 887 352 . Electromagnetic . | . . . . . Impact 1086 | . . . . 1086 Slashing 3970 | . . . 3461 509 Piercing . | . . . . . Highest Corruption 1 | . 1 1 . . Average Corruption 1 | . 1 1 . . Corruption Purged . | . . . . . Corruption Blocked . | . . . . . Effects 3 | . . 3 . . Message Errors 1 | . . 1 . . Matter Fused 1 | . . 1 . . Data Loss (major) 1 | . . 1 . . Overload Shots . | . . . . . Overflow Damage 812 | . 32 26 331 423 Projectiles . | . . . . . Explosions 96 | . 32 26 38 . Melee 716 | . . . 293 423 Knockbacks 16 | . . . . 16 Impact 5 | . . . . 5 Kinetic 9 | . . . . 9 Secondary 2 | . . . . 2 Self-Inflicted Damage 245 | . 82 126 37 . Shots 8 | . 2 5 1 . Rammed . | . . . . . Targets Rammed 6 | . 4 1 1 . Kicked 6 | . 4 1 1 . Crushed . | . . . . . Highest Temperature 51 | . 51 33 10 12 Average Temperature 16 | . 21 11 7 5 Received Heat Transfer 1881 | . 90 387 789 615 Siege Activations . | . . . . . Martial Activations . | . . . . . Shielding Activations . | . . . . . Robots Disrupted . | . . . . . Combat Hostiles . | . . . . . Robots Corrupted 7 | . . . 1 6 Combat Hostiles 3 | . . . . 3 Parts Fried 9 | . . . 2 7 Impact Corruptions 18 | . . . 1 17 Robots Melted . | . . . . . Combat Hostiles . | . . . . . Parts Melted 1 | . 1 . . . Heat Transferred 347 | . 347 . . . Parts Sabotaged . | . . . . . Parts Stolen . | . . . . . Parts Stripped . | . . . . . Power Chain Reactions . | . . . . . Alert | -11 -10 -10 -9 -8 ------- Run | Yrd Mat Min Mat Mat Maximum Alert Level 2 | . 1 1 2 2 Low Security (%) 57 | 100 86 81 48 . Level 1 18 | . 13 18 11 63 Level 2 23 | . . . 40 36 Level 3 . | . . . . . Level 4 . | . . . . . Level 5 . | . . . . . High Security . | . . . . . Max Security . | . . . . . Peak Influence 678 | . 234 228 678 470 Initial 286 | . . 46 35 286 Average 211 | . 107 130 258 373 Influence Increases 2561 | . 491 334 1275 461 Destroy 0b10 Robot/C 1380 | . 200 140 720 320 Destroy 0b10 Robot/NC 150 | . 45 10 70 25 Destroy Leader 382 | . 58 30 208 86 Successful Hack 46 | . 7 . 39 . Disable Machine 210 | . 105 45 60 . Destroy Structure 213 | . 76 79 58 . Lose Combat Pursuer 180 | . . 30 120 30 Influence Decreases 2196 | . 371 362 689 774 Entered New Map 523 | . . 74 57 392 Time Decay 1453 | . 371 238 582 262 Lost Part 220 | . . 50 50 120 Squads Dispatched 16 | . 4 . 7 5 Investigation 8 | . 2 . 6 . Extermination . | . . . . . Reinforcement 5 | . 2 . 1 2 Assault . | . . . . . Garrison 3 | . . . . 3 Intercept . | . . . . . Searches Triggered . | . . . . . Construction Impeded . | . . . . . Haulers Reinforced . | . . . . . Active Scanning Responses . | . . . . . Cargo Convoy Interrupts . | . . . . . Stealth | -11 -10 -10 -9 -8 --------- Run | Yrd Mat Min Mat Mat Distress Signals 9 | . 1 . 7 1 Communications Jammed . | . . . . . Distress Signals . | . . . . . Times Spotted 115 | . 17 12 59 27 Peak Tracking Total 6 | . 4 4 6 5 Tactical Retreats 10 | . . 2 7 1 Traps | -11 -10 -10 -9 -8 ------- Run | Yrd Mat Min Mat Mat Traps Triggered 4 | . 2 . 2 . Indirectly . | . . . . . Trap Hack Attempts . | . . . . . Triggered . | . . . . . Disarmed . | . . . . . Reprogrammed . | . . . . . Reused . | . . . . . Traps Extracted . | . . . . . Installed . | . . . . . Triggered . | . . . . . Machines | -11 -10 -10 -9 -8 ---------- Run | Yrd Mat Min Mat Mat Machines Disabled 14 | . 7 3 4 . Max in Single Turn 4 | . 4 2 2 . Machines Repaired . | . . . . . Machines Dismantled . | . . . . . Machines Sabotaged . | . . . . . Overloaded Fab Kills . | . . . . . Hacking | -11 -10 -10 -9 -8 --------- Run | Yrd Mat Min Mat Mat Machines Accessed 16 | . 6 . 10 . Terminals 11 | . 4 . 7 . Fabricators . | . . . . . Repair Stations 2 | . 1 . 1 . Recycling Units 2 | . 1 . 1 . Scanalyzers 1 | . . . 1 . Garrison Access . | . . . . . Total Hacks 46 | . 16 . 30 . Successful 23 | . 8 . 15 . Failed 23 | . 8 . 15 . Catastrophic 6 | . 2 . 4 . Database Lockouts . | . . . . . Manual 6 | . 3 . 3 . Terminals 29 | . 10 . 19 . Fabricators . | . . . . . Repair Stations 6 | . 4 . 2 . Recycling Units 5 | . 2 . 3 . Scanalyzers 6 | . . . 6 . Garrison Access . | . . . . . Terminal Hacks 13 | . 5 . 8 . Record 5 | . 3 . 2 . Robot Analysis 1 | . 1 . . . Prototype ID Bank 1 | . . . 1 . Emergency Access Points 1 | . . . 1 . Alert Level 1 | . . . 1 . Locate Traps 1 | . 1 . . . Dispatch Records 1 | . . . 1 . Registered Components 1 | . . . 1 . Zone Layout 1 | . . . 1 . Fabricator Hacks . | . . . . . Repair Station Hacks 5 | . 3 . 2 . Scan Component 3 | . 2 . 1 . Repair 2 | . 1 . 1 . Recycling Unit Hacks 2 | . . . 2 . Process 1 | . . . 1 . Report Inventory 1 | . . . 1 . Scanalyzer 3 | . . . 3 . Insert Component 1 | . . . 1 . Analyze 2 | . . . 2 . Garrison Access Hacks . | . . . . . Unauthorized Hacks . | . . . . . Terminals . | . . . . . Fabricators . | . . . . . Repair Stations . | . . . . . Recycling Units . | . . . . . Scanalyzers . | . . . . . Garrison Access . | . . . . . Data Cores Recovered . | . . . . . Used . | . . . . . Hacking Detections 14 | . 5 . 9 . Full Trace Events 9 | . 4 . 5 . Feedback Events 1 | . 1 . . . Corruption 1 | . 1 . . . Feedback Blocked . | . . . . . Robot Schematics Acquired . | . . . . . Robots Built . | . . . . . Authchips . | . . . . . Time . | . . . . . Total Robot Build Rating . | . . . . . Part Schematics Acquired 1 | . . . 1 . Parts Built . | . . . . . Authchips . | . . . . . Time . | . . . . . Total Part Build Rating . | . . . . . Parts Repaired 2 | . 1 . 1 . Time 68 | . 36 . 32 . Parts Recycled . | . . . . . Recycled Matter 335 | . . . 335 . Retrieved Matter . | . . . . . Retrieved Components . | . . . . . Parts Scanalyzed 1 | . . . 1 . Part Schematics Acquired 1 | . . . 1 . Parts Damaged . | . . . . . Bothacking | -11 -10 -10 -9 -8 ------------ Run | Yrd Mat Min Mat Mat Used RIF Installer . | . . . . . Robots Hacked . | . . . . . Non-combat . | . . . . . Combat . | . . . . . Robot Hacks Applied . | . . . . . Relay Couplers Released . | . . . . . Fabnet Peak Effective % . | . . . . . Robots Rewired . | . . . . . Allies Hacked . | . . . . . Hacks Repelled . | . . . . . Allies | -11 -10 -10 -9 -8 -------- Run | Yrd Mat Min Mat Mat Total Allies . | . . . . . Largest Group . | . . . . . Highest-Rated Group . | . . . . . Highest-Rated Ally . | . . . . . Total Orders . | . . . . . Ally Attacks . | . . . . . Total Damage . | . . . . . Kills . | . . . . . Allies Corrupted . | . . . . . Allies Melted . | . . . . . Intel | -11 -10 -10 -9 -8 ------- Run | Yrd Mat Min Mat Mat Active Infowar (turns) 2725 | . 1248 511 966 . Optics 2725 | . 1248 511 966 . Terrain 106 | . . . 106 . Robot Analysis Total 1 | . 1 . . . Derelict Logs Recovered . | . . . . . Drone Launches . | . . . . . Drone Recoveries . | . . . . . Exploration | -11 -10 -10 -9 -8 ------------- Run | Yrd Mat Min Mat Mat Turns Passed 4662 | 84 1302 511 2202 563 Spaces Moved 2868 | 59 885 355 1317 252 Core 8 | 3 . . 2 3 Treads . | . . . . . Legs 2860 | 56 885 355 1315 249 Wheels . | . . . . . Hover . | . . . . . Flight . | . . . . . Fastest Speed 50 | 50 120 120 120 120 Average Speed 120 | 123 120 120 120 123 Slowest Speed 300 | 190 120 120 300 300 Overloaded Moves . | . . . . . Propulsion Burnouts . | . . . . . Robots Hopped . | . . . . . Potential Cave-ins . | . . . . . Cave-ins Triggered . | . . . . . Exploration Rate (%) 52 | 4 99 62 81 18 Regions Visited 4 Branch Regions 1 Pre-discovered Areas . | . . . . . Known Exits Taken . | . . . . . Unknown Exits Taken 4 | 1 1 1 1 . Scrap Searched . | . . . . . Spaces Dug . | . . . . . Terrain Destroyed 252 | . 74 120 58 . Melee . | . . . . . Projectile . | . . . . . AOE 252 | . 74 120 58 . Terrain Rammed . | . . . . . Walls Destroyed . | . . . . . Machines Disabled . | . . . . . Actions | -11 -10 -10 -9 -8 --------- Run | Yrd Mat Min Mat Mat Total 3727 | 67 1097 399 1769 395 Wait 405 | 1 140 . 230 34 Move 2864 | 58 884 354 1316 252 Hop . | . . . . . Pick Up 38 | 2 14 2 18 2 Fast Attach 36 | 6 6 3 15 6 Attach 16 | . 2 1 8 5 Detach 12 | . 2 1 7 2 Swap 37 | . 6 2 22 7 Drop 68 | . 17 6 35 10 Fire 72 | . 22 29 4 17 Melee 173 | . . . 113 60 Ram . | . . . . . Kick 6 | . 4 1 1 . Crush . | . . . . . Escape Stasis . | . . . . . Rewire . | . . . . . Trap . | . . . . . Miscellaneous . | . . . . . Route ------- -11/Scrapyard -10/Materials (discovered 4 exits: *Mat x3 / [*Min]) -10/Mines (discovered 2 exits: *Mat / [*Sub]) -9/Materials (discovered 4 exits: [*Mat x3] / [*Min]) -8/Materials (discovered 1 exit: [*Fac]) History --------- Turn | Location | Event 8 | -11/Scrapyard | Discovered new exit (range 16) 85 | -11/Scrapyard | Entered Materials 306 | -10/Materials | Build established: Mutant 630 | -10/Materials | Discovered new exit (range 17) 994 | -10/Materials | Discovered new exit (range 12) 1178 | -10/Materials | Discovered new exit (range 18) 1317 | -10/Materials | Repaired Broken Lgt. Ion Engine 1345 | -10/Materials | Discovered new exit (range 18) 1387 | -10/Materials | Entered Mines 1404 | -10/Mines | Met a Derelict bent on vengeance 1569 | -10/Mines | Discovered new exit (range 13) 1590 | -10/Mines | Core integrity fell below 50% 1787 | -10/Mines | Discovered new exit (range 4) 1829 | -10/Mines | Core integrity fell below 20% 1898 | -10/Mines | Entered Materials 1898 | -9/Materials | Evolved 2 slots: Propulsion x1, Utility x1 2477 | -9/Materials | Repaired Imp. Aluminum Leg 2812 | -9/Materials | Discovered new exit (range 17) 2951 | -9/Materials | Core integrity fell below 50% 2986 | -9/Materials | Build established: Scavenger-Mutant 3029 | -9/Materials | Discovered new exit (range 12) 3228 | -9/Materials | Discovered new exit (range 15) 3718 | -9/Materials | Build established: Mutant 3972 | -9/Materials | Core integrity fell below 20% 4069 | -9/Materials | Discovered new exit (range 16) 4100 | -9/Materials | Entered another Materials area 4100 | -8/Materials | Evolved 2 slots: Utility x2 4317 | -8/Materials | Garrison activated, responded to threat 4631 | -8/Materials | Discovered new exit (range 12) 4639 | -8/Materials | Core integrity fell below 50% 4658 | -8/Materials | Core integrity fell below 20% 4663 | -8/Materials | Destroyed by H-61 Shepherd with Heavy Assault Cannon Last Messages --------------- 04545_ Dropped Sml. Storage Unit. 04570_ Acquired Terrain Scan Processor. 04580_ O-24 Administrator: "IFF HANDSHAKE FAILED. SECURING TERMINAL." 04583_ ALERT: Suspicious intruders detected, dispatching Specialist reinforcements to area. 04583_ ALERT: Hostiles spotted, dispatching reinforcements to Terminal M007. 04598_ X-57 Shotgunner knocked back. 04627_ X-57 Shotgunner destroyed. 04629_ Aluminum Leg destroyed. 04629_ Acquired 54 matter. 04631_ EXIT=FOUND 04632_ Aluminum Leg destroyed. 04634_ Acquired Shotgun. 04635_ Med. Armor Plating destroyed. 04644_ Carbon-fiber Leg destroyed. 04657_ Imp. Ion Engine destroyed. 04657_ Knocked back. 04659_ Penetrated by Slug. 04659_ Shotgun destroyed. Map ----- +----------------------------------------------------+ | ????# #??# #?#####???# #??R" #???????? | | ????# #??# #?#* ##### # " " #???????? | | ????? ???# #?#*! % + #???????? | | ????? ???######?# ##### # !#???????? | | ????? ??????????## ##???# #?? #???????? | | ????? ???????????# #????# #????###???????? | | ????? ???????????# #????# #??????????????? | | ????? ???????????# #????# +??????????????? | | ????? ???????????# #????###??????????????? | | ?????????????????# #?????????????????????? | | ?????????????????# #?????????????????????? | | ?????????????????# #?????????????????????? | | ?????????????????# #?????????????????????? | | ?????????????????# #?????????????????????? | | ?????????????????# #?????????????????????? | | ?????????????????# #?????????????????????? | | ??????????????####+######????? ??????????? | | ??????????????# * +????? ??????????? | | ??????????????# #????? ??????????? | | ??????????????# ]!! #????? ??????????? | | ??????????????# ! #???? #??????????? | | ??????????????# !! #???? #??????????? | | ??????????????# #???? #??????????? | | ??????????????# #???? #??????????? | | ??????????????# ;###? #??????????? | | ??????????????#####"#####@;## ##?????????? | | ?????????????????# % % #?????????? | | ?????????????????# gx% +?????????? | | ?????????????????# g gH a#?????????? | | ?????????????????## ######## #?????????? | | ??????????????????# #??????# #?????????? | | ??????????????????# #?????? #????????? | | ??????????????????# #?????? T #????????? | | ??????????????????# #?????? "" #????????? | | ??????????????????# #?????? #????????? | | ??????????????????# #?????# = #????????? | | ??????????????????#/#?????## ##????????? | | ?????????????????# ?????? #?????????? | | ?????????????????# ???? /?????????? | | ?????????????????# ??